 Dungeon Crawl Stone Soup version 0.31-a0-1469-gd420192249 (webtiles) character file.

Game seed: 7278972604486035438

96 grandjackal the Chopper (level 4, -2/35 HPs)
             Began as a Demonspawn Gladiator on Dec 29, 2023.
             Slain by a gnoll
             ... wielding a +0 club
              (4 damage)
             ... on level 3 of the Dungeon.
             The game lasted 00:01:48 (2319 turns).

grandjackal the Chopper (Demonspawn Gladiator)      Turns: 2319, Time: 00:01:49

Health: -2/35      AC:  8    Str: 17    XL:     4   Next: 41%
Magic:  4/4        EV: 11    Int:  8    God:
Gold:   196        SH:  0    Dex: 14    Spells: 3/3 levels left

rFire   . . .        a - +0 war axe
rCold   . . .        (no shield)
rNeg    . . .        k - +0 ring mail
rPois   .            c - +0 helmet
rElec   .            (no cloak)
rCorr   .            i - +0 pair of gloves
SInv    .            m - +0 pair of boots
Will    .....        (no amulet)
Stlth   +            (no ring)
HPRegen 0.25/turn    (no ring)
MPRegen 0.09/turn

%: no passive effects
@: no status effects
A: powered by death 1, weakness stinger 1
a: no special abilities


You were on level 3 of the Dungeon.
You visited 1 branch of the dungeon, and saw 3 of its levels.

You collected 196 gold pieces.

Inventory:

Hand Weapons
 a - a +0 war axe (weapon)
Missiles
 d - 3 throwing nets (quivered)
 e - a javelin
Armour
 c - a +0 helmet (worn)
 i - a +0 pair of gloves (worn)
 k - a +0 ring mail (worn)
 m - a +0 pair of boots (worn)
Scrolls
 b - a scroll of teleportation {unknown}
 f - 2 scrolls of identify {unknown}
 g - a scroll of butterflies {unknown}
 h - 4 scrolls of poison {unknown}
Potions
 j - a potion of enlightenment {unknown}
 l - a potion of magic {unknown}
 n - 2 potions of mutation {unknown}


   Skills:
 + Level 3.1 Fighting
 + Level 3.4 Axes
 - Level 2.0 Throwing
 + Level 1.4 Armour
 - Level 3.0 Dodging


You had 3 spell levels left.
You didn't know any spells.
Your spell library contained the following spells:

 Spells                   Type           Power      Damage    Failure   Level
 Mercury Vapours          Alch/Air       0%         N/A       75%         2
 Mephitic Cloud           Conj/Alch/Air  0%         N/A       93%         3
 Freezing Cloud           Conj/Ice/Air   0%         6-21      100%        5


Dungeon Overview and Level Annotations

Branches:
Dungeon (3/15)

Altars:

Shops:
D:3 [

Annotations:
D:3 exclusion: door


Innate Abilities, Weirdness & Mutations

You regenerate a little health from kills.
You have a small tail.


Message History

You kill the gnoll!
You closely miss the gnoll. The gnoll closely misses you.
You barely miss the gnoll. The gnoll closely misses you.
The gnoll hits you with a +0 whip.
You hit the gnoll.
The gnoll is heavily wounded.
The gnoll hits you with a +0 whip.
You hit the gnoll.
The gnoll is almost dead.
The gnoll barely misses you.
You barely miss the gnoll.
The gnoll is almost dead.
The gnoll hits you with a +0 whip. x2
You slash the gnoll!
You kill the gnoll!
You closely miss the gnoll. The gnoll hits you but does no damage.
You closely miss the gnoll. The gnoll hits you with a +0 club.
* * * LOW HITPOINT WARNING * * *
The gnoll hits you but does no damage.
You slash the gnoll!
The gnoll is heavily wounded.
The gnoll barely misses you.
You closely miss the gnoll.
The gnoll is heavily wounded.
The gnoll completely misses you.
You hit the gnoll but do no damage.
The gnoll is heavily wounded.
The gnoll completely misses you. The gnoll hits you with a +0 club.
* * * LOW HITPOINT WARNING * * *
You hit the gnoll.
The gnoll is severely wounded.
The gnoll closely misses you.
You hit the gnoll but do no damage.
Your tail-slap misses the gnoll.
The gnoll is severely wounded.
The gnoll hits you with a +0 club.
* * * LOW HITPOINT WARNING * * *
You barely miss the gnoll.
The gnoll is severely wounded.
The gnoll hits you with a +0 club.
You die...

#..##.#
#.#.#
#..##.#
#.#.#
#..##.# #.#
#..##.. #.#
#..######.#
#.........#
#.#########
#.########
#.@g......
#########.


You could see a gnoll.

Vanquished Creatures
  An adder (D:3)
  3 gnolls (D:3)
  A worm (D:3)
  2 orcs (D:3)
  3 bats
  5 endoplasms
  4 giant cockroaches
  3 goblins
  4 hobgoblins
  4 jackals (D:1)
  2 quokkas (D:1)
  A ball python (D:3)
  3 frilled lizards
  10 kobolds
  5 rats
51 creatures vanquished.

Notes
Turn   | Place    | Note
-------+----------+-------------------------------------------
     0 | D:1      | grandjackal the Demonspawn Gladiator began the quest for
                  | the Orb.
     0 | D:1      | Reached XP level 1. HP: 16/16 MP: 1/1
   114 | D:1      | Gained mutation: You have a small tail. [demonic ancestry]
   114 | D:1      | Reached XP level 2. HP: 22/22 MP: 2/2
   336 | D:1      | Found a faded altar of an unknown god.
  1059 | D:2      | Reached XP level 3. HP: 28/28 MP: 3/3
  1630 | D:3      | Found Rano's Antique Armour Shop.
  2029 | D:3      | Reached skill level 1 in Armour
  2301 | D:3      | Gained mutation: You regenerate a little health from kills.
                  | [demonic ancestry]
  2301 | D:3      | Reached XP level 4. HP: 35/35 MP: 4/4
  2319 | D:3      | Slain by a gnoll

Illustrated notes

Levels and vault maps discovered:
D:1:      psy_arrival_radial02, layout_basic,
          shapermc_ecumenical_altar_acropolis
D:2:      layout_basic, interstate_on_off, nicolae_eternal_life, st_stairs_14
D:3:      cheibrodos_fertilizer, layout_basic, serial_shops, shop_coins,
          minmay_ruptured

Skill      XL: |  1  2  3 |
---------------+----------+-----
Throwing       | 2 |  2.0
Axes           | 3 |  3.4
Dodging        | 3 |  3.0
Armour         | 1 |  1.4
Fighting       | 3 |  3.1

Action                     |  1- 3 |  4- 6 || total
---------------------------+-------+-------++-------
  Melee: War axe           |   106 |    18 ||   124
         Punch             |     2 |       ||     2
         Tailslap          |     2 |     1 ||     3
 Armour: Leather armour    |    37 |       ||    37
         Ring mail         |    29 |    13 ||    42
  Dodge: Dodged            |    58 |     9 ||    67

Table legend: (Time is in decaauts)
 A = Elapsed time spent in this place.
 B = Non-inter-level travel time spent in this place.
 C = Inter-level travel time spent in this place.
 D = Time resting spent in this place.
 E = Time spent auto-exploring this place.
 F = Levels seen in this place.
 G = Mean time per level.
                   A        B        C        D        E       F      G
               +--------+--------+--------+--------+--------+-----+--------+
         Total |   2361 |   2269 |     92 |     49 |   1853 |   3 |  787.0 |
       Dungeon |   2361 |   2269 |     92 |     49 |   1853 |   3 |  787.0 |
               +--------+--------+--------+--------+--------+-----+--------+

Top non-repeatable levels by time:
     D:1: 909 daAuts
     D:2: 746 daAuts
     D:3: 705 daAuts
